 Dungeon Crawl Stone Soup version 0.29-a0-559-g359e09b9d1 (webtiles) character file.

Game seed: 10641169560544775666

1462 zazu2006 the Magician (level 8, -7/64 HPs)
             Began as a Naga Hedge Wizard on June 11, 2022.
             Mangled by an ogre
             ... wielding a +0 giant spiked club
              (30 damage)
             ... on level 5 of the Dungeon.
             The game lasted 00:10:11 (6286 turns).

zazu2006 the Magician (Naga Hedge Wizard)           Turns: 6286, Time: 00:10:11

Health: -7/64      AC:  5    Str: 13    XL:     8   Next: 77%
Magic:  15/17      EV: 10    Int: 16    God:
Gold:   249        SH:  0    Dex: 11    Spells: 11/20 levels left

rFire   + . .      SeeInvis +   a - +0 dagger
rCold   + . .      Faith    .   (no shield)
rNeg    . . .      Spirit   .   k - +0 leather armour
rPois   +          Reflect  .   q - +0 helmet
rElec   .          Harm     .   x - scarf {rC+ rF+}
rCorr   .          Rampage  .   (no gloves)
Will    +....                   (no barding)
Stlth   ++........              n - amulet of regeneration
HPRegen 1.00/turn               (no ring)
MPRegen 0.15/turn               (no ring)

@: on blink cooldown, very slow
A: AC +2, large, see invisible, deformed body, poison resistance, slowness 2,
spit poison 1, naga tail 1
a: Spit Poison


You were on level 5 of the Dungeon.
You visited 1 branch of the dungeon, and saw 6 of its levels.

You collected 249 gold pieces.

Inventory:

Hand Weapons
 a - a +0 dagger (weapon)
Missiles
 t - a throwing net
Armour
 k - a +0 leather armour (worn)
 p - a +0 cloak
 q - a +0 helmet (worn)
 x - a scarf of resistance (worn)
Jewellery
 n - an amulet of regeneration (around neck)
Wands
 r - a wand of mindburst (8)
 y - a wand of flame (36)
Scrolls
 c - a scroll of poison {unknown}
 f - a scroll of immolation {unknown}
 i - a scroll of teleportation {unknown}
 j - 5 scrolls of identify {unknown}
 l - 2 scrolls of fear {unknown}
 o - a scroll of enchant weapon {unknown}
 s - a scroll of magic mapping {unknown}
 v - a scroll of blinking {unknown}
 w - a scroll of summoning {unknown}
Potions
 b - 4 potions of curing
 d - 2 potions of magic
 e - a potion of degeneration {unknown}
 g - 2 potions of brilliance
 h - a potion of cancellation {unknown}
 m - a potion of lignification {unknown}
 u - a potion of flight {unknown}


   Skills:
 + Level 1.3 Fighting
 + Level 2.9 Armour
 + Level 2.7 Dodging
 + Level 4.2 Stealth
 + Level 6.5 Spellcasting
 + Level 6.0 Conjurations
 + Level 1.0 Summonings
 + Level 1.0 Translocations
 + Level 0.8 Air Magic
 + Level 1.5 Poison Magic
 + Level 0.3 Evocations


You had 11 spell levels left.
You knew the following spells:

 Your Spells              Type           Power      Damage    Failure   Level
a - Magic Dart            Conj           96%        1d7       1%          1
b - Mephitic Cloud        Conj/Pois/Air  14%        N/A       16%         3
c - Conjure Flame         Conj/Fire      14%        6-21      14%         3
d - Blink                 Tloc           16%        N/A       17%         2

Your spell library contained the following spells:

 Spells                   Type           Power      Damage    Failure   Level
 Static Discharge         Conj/Air       16%        N/A       6%          2
 Slow                     Hex            20%        N/A       17%         1
 Call Imp                 Summ           8%         N/A       17%         2
 Lightning Bolt           Conj/Air       8%         1d20      75%         5
 Maxwell's Capacitive Co  Air            3%         ∞         100%        8


Dungeon Overview and Level Annotations

Branches:
Dungeon (6/15)
 Temple: D:4-7

Altars:
Wu Jian

Annotations:
D:6 Maggie


Innate Abilities, Weirdness & Mutations

Your serpentine skin is tough. (AC +2)
You have supernaturally acute eyesight. (SInv)
Armour fits poorly on your strangely shaped body.
Your system is resistant to poisons. (rPois)
You cover ground very slowly.
You can spit poison.
You have a snake-like lower body.


Message History

The black bear completely misses you.
You see here an adder corpse.
You strike the helpless black bear from behind!
You puncture the black bear!
The black bear is severely wounded.
The black bear closely misses you.
The black bear claws you but does no damage.
The black bear claws you.
You catch the helpless black bear completely off-guard!
You puncture the black bear!
The black bear is almost dead.
The black bear bites you.
The black bear claws you but does no damage.
The black bear closely misses you.
You hit the black bear.
You kill the black bear!
You have got your breath back.
There is a stone staircase leading down, spattered with blood here.
You see here an iguana corpse.
You start resting.
HP restored.
You start resting.
Magic restored.
You climb downwards.
Level annotation: Maggie The water moccasin bites you.
The ogre barely misses you. The iguana closely misses you.
The iguana barely misses you. The water moccasin bites you.
There is a stone staircase leading up here.
The water moccasin bites you! The iguana bites you.
The ogre hits you with a +0 giant spiked club!
The iguana closely misses you. The water moccasin bites you!
You climb upwards.
There is a stone staircase leading down, spattered with blood here.
You see here an iguana corpse.
Casting: Mephitic Cloud (dangerous; 16% risk of failure)
Confirm with . or Enter, or press ? or * to list all spells.
You blink.
The iguana barely misses you. The water moccasin bites you.
The ogre hits you with a +0 giant spiked club!!
You die...

#.# #.# #.# #.# ####.#. #.#
##.###.# #.# #.#. #.#
#####...##.# #.# #.#. #.#
#..........# #.# #.## #.#
#.###...#### #.########.# #.#
#.####.## #..........## #.#
#..###.# ##### #########....
#.###...##.###..O########....###
#..............@Sl†..........##
###........###..l######.......##
#.##.##..# ##### #.........#
###.##.##..###########..........
#...............................
#.#.##)##.##.##########.......##
#.#.##.##.##.# ##.....##
#.#..........# ##....#
#.#########..# ####.#


You could see a water moccasin, an ogre and 2 iguanas.

Vanquished Creatures
  Sigmund (D:2)
  An ice beast (D:5)
  A black bear (D:5)
  4 ogres
  A phantom (D:5)
  A necrophage (D:3)
  4 scorpions
  3 hounds
  An orc priest (D:4)
  Terence (D:2)
  3 iguanas
  An orc wizard (D:4)
  5 adders
  3 gnolls (D:3)
  An ufetubus (D:4)
  3 worms
  4 dart slugs
  11 orcs
  6 endoplasms
  4 giant cockroaches
  5 goblins
  5 hobgoblins
  6 kobolds
  4 quokkas
  10 ball pythons
  5 bats
  2 frilled lizards
  9 rats
105 creatures vanquished.

Notes
Turn   | Place    | Note
-------+----------+-------------------------------------------
     0 | D:1      | zazu2006 the Naga Hedge Wizard began the quest for the Orb.
     0 | D:1      | Reached XP level 1. HP: 15/15 MP: 4/4
   536 | D:1      | Reached XP level 2. HP: 22/22 MP: 0/6
   639 | D:1      | Found a faded altar of an unknown god.
  1325 | D:2      | Reached XP level 3. HP: 28/28 MP: 5/8
  1329 | D:2      | Learned a level 3 spell: Mephitic Cloud
  1333 | D:2      | Learned a level 3 spell: Conjure Flame
  1336 | D:2      | Learned a level 2 spell: Blink
  2330 | D:2      | Noticed Terence
  2338 | D:2      | Killed Terence
  2339 | D:2      | Reached XP level 4. HP: 32/36 MP: 1/9
  2480 | D:2      | Noticed Sigmund
  2500 | D:2      | Killed Sigmund
  2501 | D:2      | Reached skill level 1 in Armour
  2501 | D:2      | Reached XP level 5. HP: 29/43 MP: 1/11
  2501 | D:2      | Reached XP level 6. HP: 34/50 MP: 1/12
  3686 | D:3      | Found an ornate altar of the Wu Jian Council.
  4288 | D:4      | Reached XP level 7. HP: 56/56 MP: 8/14
  4463 | D:4      | Reached skill level 5 in Spellcasting
  4573 | D:4      | Reached skill level 1 in Poison Magic
  4995 | D:5      | Entered Level 5 of the Dungeon
  5221 | D:5      | Reached skill level 5 in Conjurations
  5263 | D:5      | Reached XP level 8. HP: 48/63 MP: 11/16
  5339 | D:5      | Reached skill level 1 in Fighting
  6133 | D:6      | Noticed Maggie
  6286 | D:5      | Mangled by an ogre

Illustrated notes

Levels and vault maps discovered:
D:1:      nagdon_arrival_zigzag_paths, layout_loops_ring,
          hellmonk_ecumenical_altar_run_dry
D:2:      layout_basic, uniq_terence, uniq_sigmund
D:3:      layout_loops_cross, amcnicky_altar_gilded
D:4:      layout_basic
D:5:      layout_loops_ring
D:6:      layout_rooms, serial_shops, shop, uniq_maggie, uniq_crazy_yiuf_cottage

Skill      XL: |  1  2  3  4  5  6  7  8 |
---------------+-------------------------+-----
Conjurations   | 2 3 4 5 6 |  6.0
Armour         | 1 2 |  2.9
Dodging        | 2 |  2.7
Spellcasting   | 4 5 6 |  6.5
Poison Magic   | 1 |  1.5
Fighting       | 1 |  1.3
Stealth        | 4 |  4.2
Summonings     | |  1.0
Translocations | |  1.0
Air Magic      | |  0.8
Evocations     | |  0.3

Action                   |  1- 3 |  4- 6 |  7- 9 || total
-------------------------+-------+-------+-------++-------
Melee: Dagger            |    15 |    25 |    53 ||    93
       Punch             |       |       |     1 ||     1
 Cast: Magic Dart        |   103 |    99 |   110 ||   312
       Mephitic Cloud    |       |     2 |     9 ||    11
       Blink             |       |       |     1 ||     1
 Abil: Spit Poison       |    10 |    12 |    16 ||    38
Evoke: Wand              |       |       |     6 ||     6
 Stab: Confused          |       |     1 |     4 ||     5
Armor: Robe              |     2 |       |       ||     2
       Leather armour    |     3 |    12 |    37 ||    52
Dodge: Dodged            |    17 |    19 |    71 ||   107

Table legend: (Time is in decaauts)
 A = Elapsed time spent in this place.
 B = Non-inter-level travel time spent in this place.
 C = Inter-level travel time spent in this place.
 D = Time resting spent in this place.
 E = Time spent auto-exploring this place.
 F = Levels seen in this place.
 G = Mean time per level.
                   A        B        C        D        E       F      G
               +--------+--------+--------+--------+--------+-----+--------+
         Total |   7426 |   7293 |    133 |     62 |   6230 |   6 | 1237.7 |
       Dungeon |   7426 |   7293 |    133 |     62 |   6230 |   6 | 1237.7 |
               +--------+--------+--------+--------+--------+-----+--------+

Top non-repeatable levels by time:
     D:2: 1989 daAuts
     D:5: 1531 daAuts
     D:1: 1346 daAuts
     D:3: 1313 daAuts
     D:4: 1217 daAuts
     D:6: 27 daAuts
